 Dungeon Crawl Stone Soup version 0.14-a0-1719-ga7e7698 (webtiles) character file.

144926 PolkaDot the Imperceptible (level 16, -7/115 HPs)
             Began as a Vampire Enchanter on Jan 1, 2014.
             Was the Champion of Ashenzari.
             Mangled by a giant leech (31 damage)
             ... on Level 3 of the Swamp.
             The game lasted 03:33:00 (31868 turns).

PolkaDot the Imperceptible (Vampire Enchanter)     Turns: 31868, Time: 03:33:01

HP  -7/115       AC  6     Str  7      XL: 16   Next: 81%
MP   0/28        EV 21     Int 17      God: Ashenzari [******]
Gold 2161        SH 14     Dex 18 (19) Spells:  8 memorised,  4 levels left

rFire  + + +     SeeInvis +     y - +3,+2 dagger (vamp) (curse)
rCold  + + .     Clarity  +     L - +2 robe of Hangman {+Blink Dam-1 Stlth++}
rNeg   + + +     Conserve +     G - +0 elf buckler (curse)
rPois  +         rCorr    .     i - +1 cap (curse)
rElec  +         rRot     +     (no cloak)
SustAb . .       Spirit   .     (no gloves)
rMut   .         Warding  .     w - +0 pair of boots (curse)
Saprov . . .     Stasis   .     p - cursed amulet of conservation
                                r - cursed ring "Ijosurgh" {rElec rF+ rN+}
                                j - cursed ring "Esoarak" {Wiz rF++}

@: non-regenerating, quite resistant to hostile enchantments, uncannily stealthy
A: bottle blood, fangs 3, see invisible, unbreathing
a: Bat Form, Bottle Blood, Scrying, Transfer Knowledge, Renounce Religion, Evoke
Blink


You were on level 3 of the Swamp.
You worshipped Ashenzari.
Ashenzari was exalted by your worship.
You were bloodless.

You visited 4 branches of the dungeon, and saw 29 of its levels.
You also visited: Ice Cave and Volcano.

You collected 2297 gold pieces.
You spent 136 gold pieces at shops.

Inventory:

Hand weapons
 y - a cursed +3,+2 vampiric dagger (weapon)
Armour
 i - a cursed +1 cap (worn)
 w - a cursed +0 pair of boots (worn)
 G - a cursed +0 elven buckler (worn)
 L - the cursed +2 robe of Hangman (worn) {+Blink Dam-1 Stlth++}
   (You bought it in a shop on level 16 of the Dungeon)

   It affects your damage-dealing abilities (-1).
   It lets you blink.
   It makes you much more stealthy.
   It has a curse placed upon it.
Magical devices
 k - a wand of hasting (1)
 t - a wand of paralysis (7)
 A - a wand of digging (11)
 K - a wand of paralysis (15)
Scrolls
 b - a scroll of enchant weapon II
 c - 2 scrolls of fear
 d - a scroll of remove curse
 e - 2 scrolls of identify
 f - 2 scrolls of fog
 g - a scroll of recharging
 l - 2 scrolls of teleportation
 m - 4 scrolls of curse armour
 q - 3 scrolls of blinking
Jewellery
 j - the cursed ring "Esoarak" (left hand) {Wiz rF++}
   (You found it in an ice cave)

   [ring of wizardry]

   It greatly protects you from fire.
   It has a curse placed upon it.
 p - a cursed amulet of conservation (around neck)
 r - the cursed ring "Ijosurgh" (right hand) {rElec rF+ rN+}
   (You found it in an ice cave)

   [ring of positive energy]

   It protects you from fire.
   It insulates you from electricity.
   It has a curse placed upon it.
Potions
 a - a potion of might
 h - 4 potions of brilliance
 n - a potion of restore abilities
 s - 4 potions of agility
 D - 2 potions of speed
Books
 C - a book of Burglary

   Spells                             Type                      Level
   *Apportation                       Translocation                1
   Swiftness                          Charms/Air                   2
   *Passwall                          Transmutation/Earth          3
   Passage of Golubria                Translocation                4
   Lee's Rapid Deconstruction         Earth                        5
   Darkness                           Hexes                        7


   Skills:
 - Level 7.6 Fighting
 + Level 7.6(12.1) Short Blades
 - Level 0.7 Throwing
 - Level 5.3 Armour
 - Level 7.8(10.8) Dodging
 * Level 24.3(26.3) Stealth
 - Level 5.8(8.9) Shields
 + Level 5.6 Spellcasting
 - Level 23.1(26.4) Hexes
 - Level 5.0(9.4) Transmutations


You had 4 spell levels left.
You knew the following spells:

 Your Spells              Type           Power        Failure   Level  Hunger
a - Corona                Hex            #######      0%          1    None
b - Sure Blade            Hex/Chrm       ######....   1%          2    None
c - Confuse               Hex            #######.     0%          3    ###....
d - Ensorcelled Hibernat  Hex/Ice        ######       1%          2    None
e - Enslavement           Hex            #######.     0%          4    ####...
i - Invisibility          Hex            #######.     1%          6    #######
p - Passwall              Trmt/Erth      ###.......   3%          3    ###....
A - Apportation           Tloc           #.........   4%          1    None


Dungeon Overview and Level Annotations

Branches:
Dungeon (16/16)            Temple (1/1) D:7             Orc (0/4) D:12
   Lair (8/8) D:11          Swamp (4/5) Lair:5        Snake (0/5) Lair:6
  Slime (0/6) Lair:7       Vaults (0/5) D:14         Depths (0/6) D:16

Altars:
Ashenzari
Cheibriados
Elyvilon
Fedhas
Kikubaaqudgha
Makhleb
Nemelex Xobeh
Okawaru
Sif Muna
Trog
Vehumet
Xom
Yredelemnul
Zin
the Shining One
Lugonu

Shops:
D:16 [

Annotations:
D:3 Psiweapon's ghost, average OpMo
D:4 Prince Ribbit
D:14 exclusion: Roxanne, Roxanne
Swamp:2 Agnes
Swamp:3 Norris; Rupert


Innate Abilities, Weirdness & Mutations

You do not heal naturally.
You can bottle blood from corpses.
You have razor-sharp teeth.*
You have supernaturally acute eyesight.
You can survive without breathing.*


Message History

The spiny frog completely misses you.
Casting: Ensorcelled Hibernation
Confirm with . or Enter, or press ? or * to list all spells.
Aiming: Ensorcelled Hibernation
Press: ? - help, Shift-Dir - straight line, f - spiny frog
Aim: a spiny frog (lightly wounded)
The spiny frog resists with significant effort.
* * * LOW MAGIC WARNING * * *
The spiny frog stings you.
* * * LOW HITPOINT WARNING * * *
Casting: Ensorcelled Hibernation
Confirm with . or Enter, or press ? or * to list all spells.
Aiming: Ensorcelled Hibernation
Press: ? - help, Shift-Dir - straight line, f/p - spiny frog
Aim: a spiny frog (lightly wounded)
The spiny frog looks drowsy...
* * * LOW MAGIC WARNING * * *
The slime creature jiggles.
The giant leech bites you!
You die...

, ≈, ≈* , ≈ ≈≈≈ ≈
♣♣≈♣♣♣♣.≈≈≈≈ *, , *
≈.≈≈≈≈..≈♣♣.....≈.≈≈≈≈ *≈≈ ,
,,,.§≈≈≈≈≈.≈♣♣..≈≈..<≈v≈≈ ≈
≈≈≈ ,♣..≈≈≈≈≈≈≈♣♣.≈≈≈≈..≈...
≈ ≈ ♣≈..≈≈≈≈≈.♣♣..≈≈≈.≈≈≈.$
* ≈ ♣...≈≈≈≈≈.≈♣♣♣.§≈.≈≈≈.≈
* ≈ ≈
♣≈.≈≈≈.....♣♣♣......≈≈≈ * ≈
**♣.≈≈≈≈F.≈≈.♣♣≈.w.§§≈≈≈≈ ,
♣♣♣♣≈≈≈≈@JJ≈≈≈≈.≈≈≈≈≈≈≈≈≈ ≈
,♣%...≈≈≈>wJ.≈.≈≈≈≈≈≈≈≈≈.. *
≈≈
,,,(§..≈≈≈≈....≈.≈≈≈≈...≈♣≈.
*, ≈
.≈§..§..♣♣J.≈≈≈.≈≈≈.≈♣.?
≈,,≈ ,
§≈≈.≈§..♣*.≈≈≈≈..≈≈..♣..
,,**
≈{≈≈≈§..≈*,.≈≈....≈≈.♣♣≈ ≈,*
* ,≈≈≈≈.♣♣♣*,≈≈≈≈.≈..≈≈♣.♣
** ** ,≈≈≈.≈ ≈≈≈≈..≈≈≈...♣ ,
≈♣♣* ≈≈...≈≈≈♣♣♣♣


You could see a giant leech, 3 slime creatures, a spiny frog (sleeping) and a
jellyfish.

Vanquished Creatures
  A ghoul (Swamp:1)
  Aizul (Swamp:1)
  Snorg (Lair:3)
  A fire dragon (Lair:8)
  12 hydras
  Harold (Lair:4)
  2 vault guards (D:14)
  2 ice dragons (IceCv)
  Nessos (D:12)
  A ravenous item mimic (Lair:7)
  6 alligators
  3 plague shamblers (Swamp:1)
  3 centaur warriors
  8 death yaks
  3 very ugly things (D:16)
  3 catoblepae
  11 skeletal warriors
  Erolcha (D:11)
  3 unseen horrors
  A swamp dragon (shapeshifter) (D:16)
  A giant amoeba (Swamp:1)
  A giant orange brain (D:16)
  4 lindwurms
  3 swamp dragons (Swamp:1)
  Joseph (D:10)
  7 hill giants
  3 necromancers (D:14)
  6 cyclopes
  2 wizards (D:14)
  An orc knight (D:16)
  3 griffons
  An oklob plant (Lair:8)
  18 elephants
  A spiny worm (Lair:8)
  2 guardian serpents (D:15)
  4 black mambas
  A red wasp (D:15)
  12 spiny frogs
  Psyche (D:11)
  A spiny frog (shapeshifter) (D:16)
  2 feature mimics
  3 fire drakes
  2 queen bees
  3 giant fireflies (Lair:8)
  A spriggan (D:7)
  3 yaktaurs (Volcano)
  11 komodo dragons
  A human zombie (D:14)
  4 trolls
  16 slime creatures
  4 two-headed ogres
  A hydra skeleton (D:13)
  A formicid (shapeshifter) (D:16)
  11 giant leeches
  A boulder beetle (Lair:8)
  12 bog bodies
  22 blink frogs
  3 basilisks
  A trapdoor spider (D:13)
  12 ugly things (D:15)
  3 sharks
  A shadow (D:15)
  A water elemental (D:14)
  A human (shapeshifter) (D:14)
  A spiny worm zombie (D:16)
  2 wraiths (D:15)
  18 humans (D:14)
  5 elephant slugs
  16 hippogriffs
  4 wyverns
  Eustachio (D:6)
  20 yaks
  2 steam dragons
  2 deep elf fighters (D:16)
  5 manticores
  26 vampire mosquitoes
  18 swamp worms
  Edmund (D:9)
  Menkaure (D:7)
  9 orc warriors
  10 porcupines
  Purgy (D:3)
  2 sky beasts
  6 giant goldfish
  2 phantoms
  14 centaurs
  21 ice beasts
  3 nagas (Lair:6)
  A black bear (D:7)
  10 ogres
  A yellow wasp (D:7)
  3 big kobolds
  Duvessa (D:6)
  2 boring beetles
  7 crocodiles
  7 giant slugs
  21 giant frogs
  12 agate snails
  3 brain worms (Lair:8)
  31 insubstantial wisps
  18 water moccasins
  A cyclops skeleton (D:16)
  A yak zombie (D:9)
  2 eyes of draining
  54 killer bees
  7 jellyfish
  8 wights
  A goliath beetle (D:11)
  10 electric eels
  3 giant frog zombies
  2 giant frog skeletons
  15 crimson imps
  14 hounds
  A cyclops simulacrum (D:14)
  31 orc wizards
  3 jellies
  8 orc priests
  3 scorpions
  9 big fish
  5 iguanas
  16 worker ants
  15 sheep
  Jessica (D:3)
  A mottled dragon skeleton (D:16)
  A big kobold skeleton (D:12)
  A hound skeleton (D:4)
  A worker ant zombie (D:11)
  28 adders
  5 giant centipedes
  22 gnolls
  58 green rats
  2 giant mites
  2 inept feature mimics
  12 white imps (Lair:4)
  25 worms
  A worm (shapeshifter) (D:16)
  An adder zombie (D:7)
  A giant centipede zombie (D:12)
  An adder skeleton (D:4)
  3 grey rats
  An iguana skeleton (D:4)
  A giant eyeball (D:12)
  10 giant geckos
  54 orcs
  27 bats
  A bat skeleton (D:8)
  11 goblins
  19 hobgoblins
  14 jackals
  9 quokkas
  4 giant cockroaches
  7 giant newts
  2 giant spores
  A hobgoblin zombie (D:7)
  34 kobolds
  2 orc skeletons
  25 rats
  A rat zombie (D:3)
  A spectral orc (D:3)
  2 fungi (Lair:8)
  A plant (Lair:8)
1167 creatures vanquished.

Vanquished Creatures (collateral kills)
  A human zombie (D:14)
1 creature vanquished.

Vanquished Creatures (others)
  A necrophage (Swamp:1)
  An eye of draining (D:15)
  Dowan (D:6)
  An adder (Lair:5)
  3 fungi
  10 plants (Lair:8)
17 creatures vanquished.

Grand Total: 1185 creatures vanquished

Notes
Turn   | Place    | Note
--------------------------------------------------------------
     0 | D:1      | PolkaDot, the Vampire Enchanter, began the quest for the Orb.
     0 | D:1      | Reached XP level 1. HP: 13/13 MP: 3/3
   236 | D:1      | Reached XP level 2. HP: 20/20 MP: 4/4
   360 | D:1      | Reached skill level 5 in Hexes
   722 | D:1      | Reached skill level 1 in Fighting
   755 | D:1      | Reached XP level 3. HP: 16/26 MP: 3/6
  1293 | D:2      | Found a snail-covered altar of Cheibriados.
  1435 | D:2      | Reached skill level 6 in Hexes
  1509 | D:2      | Reached XP level 4. HP: 20/32 MP: 4/7
  2060 | D:3      | Found a glowing drain.
  2069 | D:3      | Learned a level 2 spell: Ensorcelled Hibernation
  2081 | D:3      | Reached skill level 7 in Hexes
  2081 | D:3      | Reached XP level 5. HP: 23/38 MP: 2/9
  2144 | D:3      | the glowing drain was a mimic.
  2240 | D:3      | Noticed Jessica
  2251 | D:3      | Killed Jessica
  2254 | D:3      | Noticed Psiweapon's ghost (average OpMo)
  2594 | D:3      | Found a bloodstained altar of Trog.
  2595 | D:3      | Found a glowing silver altar of Zin.
  2707 | D:3      | Noticed Purgy
  3089 | D:3      | Reached skill level 8 in Hexes
  3089 | D:3      | Reached XP level 6. HP: 12/46 MP: 0/10
  3260 | D:3      | Found a basalt altar of Yredelemnul.
  3344 | D:3      | Learned a level 6 spell: Invisibility
  3697 | D:4      | Noticed Prince Ribbit
  3742 | D:4      | Reached skill level 9 in Hexes
  3985 | D:4      | Reached skill level 10 in Hexes
  3985 | D:4      | Reached XP level 7. HP: 32/51 MP: 8/12
  4326 | D:4      | Found a glowing drain.
  4345 | D:4      | the glowing drain was a mimic.
  4447 | D:4      | Reached skill level 11 in Hexes
  4837 | D:5      | Entered Level 5 of the Dungeon
  4878 | D:5      | Found a sparkling altar of Nemelex Xobeh.
  4939 | D:6      | Found a radiant altar of Vehumet.
  5015 | D:6      | Noticed Eustachio
  5067 | D:6      | Killed Eustachio
  5067 | D:6      | Reached skill level 12 in Hexes
  5067 | D:6      | Reached XP level 8. HP: 3/57 MP: 1/14
  5218 | D:6      | Learned a level 3 spell: Confuse
  5254 | D:6      | Noticed Dowan
  5257 | D:6      | Noticed Duvessa
  5267 | D:6      | Killed Duvessa
  5267 | D:6      | Reached skill level 5 in Stealth
  5277 | D:6      | Killed Dowan
  5592 | D:6      | Reached skill level 13 in Hexes
  5826 | D:6      | Found a glowing golden altar of the Shining One.
  6238 | D:5      | Learned a level 2 spell: Sure Blade
  6265 | D:5      | Reached XP level 9. HP: 54/62 MP: 16/20
  6876 | D:7      | Found a staircase to the Ecumenical Temple.
  6886 | Temple   | Entered the Ecumenical Temple
  6916 | Temple   | Became a worshipper of Ashenzari the Shackled
  7028 | D:3      | Killed Purgy
  7498 | D:7      | Reached skill level 1 in Armour
  7554 | D:7      | Noticed a spriggan baker
  7555 | D:7      | Killed a spriggan baker
  7555 | D:7      | Reached skill level 14 in Hexes
  7948 | D:7      | Noticed Menkaure
  7985 | D:7      | Killed Menkaure
  8699 | D:7      | Found a shimmering altar of Xom.
  8932 | D:8      | Reached XP level 10. HP: 68/68 MP: 21/21
  9344 | D:8      | Reached skill level 10 in Stealth
  9759 | D:9      | Found a staircase to the Lair.
  9766 | D:9      | Reached skill level 5 in Armour
  9770 | D:9      | the staircase to the Lair was a mimic.
  9979 | D:9      | Learned a level 3 spell: Passwall
  9987 | D:9      | Reached skill level 15 in Hexes
 10206 | D:9      | Noticed Edmund
 10208 | D:9      | Killed Edmund
 10473 | D:9      | Reached skill level 5 in Spellcasting
 10614 | D:9      | Found a burning altar of Makhleb.
 10698 | D:10     | Entered Level 10 of the Dungeon
 10760 | D:10     | Noticed Joseph
 10775 | D:10     | Killed Joseph
 10801 | D:10     | Reached skill level 16 in Hexes
 11290 | D:11     | Noticed a cyclops
 11294 | D:11     | Noticed Psyche
 11301 | D:11     | Killed a cyclops
 11301 | D:11     | Reached XP level 11. HP: 74/74 MP: 18/24
 11322 | D:11     | Killed Psyche
 11441 | D:11     | Found a staircase to the Lair.
 11464 | D:11     | Noticed a hill giant
 11467 | D:11     | Noticed a hill giant
 11479 | D:11     | Noticed Erolcha
 11485 | D:11     | Killed Erolcha
 11486 | D:11     | Killed a hill giant
 11494 | D:11     | Killed a hill giant
 11559 | D:11     | Acquired Ashenzari's first power
 11571 | D:11     | Reached skill level 17 in Hexes
 11790 | D:12     | Found a staircase to the Orcish Mines.
 11801 | D:12     | Noticed a five-headed hydra
 11807 | D:12     | Killed a five-headed hydra
 11981 | D:12     | Noticed a hill giant
 11985 | D:12     | Noticed an unseen horror
 11986 | D:12     | Killed a hill giant
 11989 | D:12     | Killed an unseen horror
 11989 | D:12     | Reached skill level 5 in Short Blades
 12191 | D:12     | Reached skill level 18 in Hexes
 12707 | D:12     | Noticed Nessos
 12735 | D:12     | Killed Nessos
 13053 | Lair:1   | Entered Level 1 of the Lair of Beasts
 13061 | Lair:1   | Reached XP level 12. HP: 78/80 MP: 20/25
 13449 | D:11     | Noticed a seven-headed hydra
 13458 | D:11     | Killed a seven-headed hydra
 13700 | D:11     | Learned a level 4 spell: Animate Dead
 13706 | D:11     | Learned a level 4 spell: Enslavement
 14636 | Lair:2   | Reached skill level 19 in Hexes
 14712 | Lair:2   | Found a dark tunnel.
 14732 | Volcano  | Entered a volcano
 14743 | Volcano  | Acquired Ashenzari's second power
 15130 | Lair:2   | Reached XP level 13. HP: 85/97 MP: 25/25
 15455 | Lair:2   | Reached skill level 1 in Transmutations
 15571 | Lair:2   | Reached skill level 15 in Stealth
 16042 | Lair:3   | Noticed Snorg
 16055 | Lair:3   | Killed Snorg
 16553 | Lair:3   | Acquired Ashenzari's third power
 16668 | Lair:3   | Reached skill level 20 in Hexes
 16897 | Lair:4   | Found a frozen archway.
 16929 | IceCv    | Entered an ice cave
 17275 | IceCv    | Identified the ring "Ijosurgh" {rElec rF+ rN+}
 17276 | IceCv    | Identified the ring "Esoarak" {Wiz rF++}
 17571 | Lair:4   | Reached XP level 14. HP: 103/103 MP: 26/26
 17903 | Lair:4   | Noticed Harold
 17909 | Lair:4   | Killed Harold
 18484 | Lair:5   | Reached skill level 5 in Transmutations
 18589 | Lair:5   | Acquired Ashenzari's fourth power
 18849 | Lair:5   | Found a staircase to the Swamp.
 19256 | Lair:6   | Found a staircase to the Snake Pit.
 20440 | Lair:7   | Reached skill level 5 in Dodging
 20544 | Lair:7   | Found a staircase to the Slime Pits.
 21322 | Lair:8   | Entered Level 8 of the Lair of Beasts
 21595 | Lair:8   | Found a blossoming altar of Fedhas.
 22017 | Lair:8   | Reached skill level 21 in Hexes
 22033 | Lair:8   | Learned a level 1 spell: Apportation
 22384 | Lair:8   | Reached XP level 15. HP: 109/109 MP: 23/27
 24781 | D:13     | Noticed a six-headed hydra
 24783 | D:13     | Killed a six-headed hydra
 25271 | D:13     | Noticed a skeletal warrior
 25273 | D:13     | Noticed a skeletal warrior
 25273 | D:13     | Noticed a skeletal warrior
 25273 | D:13     | Noticed a skeletal warrior
 25278 | D:13     | Killed a skeletal warrior
 25280 | D:13     | Killed a skeletal warrior
 25283 | D:13     | Killed a skeletal warrior
 25286 | D:13     | Killed a skeletal warrior
 25286 | D:13     | Reached skill level 1 in Shields
 25367 | D:14     | Noticed Roxanne
 25861 | D:14     | Found a shimmering altar of Xom.
 26089 | D:14     | Found a gate to the Vaults.
 26108 | D:14     | Reached skill level 22 in Hexes
 26466 | D:15     | Entered Level 15 of the Dungeon
 26702 | D:15     | Identified the cursed ring of Xom's Malicious Joy {Str+3 Dex-4 Int-2}
 27143 | D:15     | Reached XP level 16. HP: 115/115 MP: 24/28
 27750 | D:16     | Entered Level 16 of the Dungeon
 28208 | D:16     | Found Pnohaol's Antique Armour Shop.
 28219 | D:16     | Bought a wizard robe for 136 gold pieces
 28227 | D:16     | Identified the cursed +2 robe of Hangman {+Blink Dam-1 Stlth++} (You bought it in a shop on level 16 of the Dungeon)
 28917 | D:16     | Found a staircase to the Depths.
 29222 | D:16     | Identified a scroll of acquirement
 29471 | Swamp:1  | Entered Level 1 of the Swamp
 29512 | Swamp:1  | Reached skill level 23 in Stealth
 29550 | Swamp:1  | Reached skill level 5 in Shields
 29926 | Swamp:1  | Noticed Aizul
 29934 | Swamp:1  | Killed Aizul
 30899 | Swamp:2  | Noticed Agnes
 31159 | Swamp:2  | Reached skill level 24 in Stealth
 31175 | Swamp:2  | Identified the +2 leather armour of Prudence {Str+1}
 31409 | Swamp:3  | Noticed Rupert
 31424 | Swamp:3  | Noticed Norris
 31868 | Swamp:3  | Mangled by a giant leech

Action                   |  1- 3 |  4- 6 |  7- 9 | 10-12 | 13-15 | 16-18 || total
-------------------------+-------+-------+-------+-------+-------+-------++-------
Melee: Dagger            |   184 |   375 |   350 |   327 |  1075 |   438 ||  2749
       Short sword       |       |     2 |   108 |       |       |       ||   110
Throw: Throwing net      |       |     6 |     4 |       |       |       ||    10
 Cast: Corona            |     7 |    10 |     6 |     4 |     4 |     1 ||    32
       Ensorcelled Hiber |       |    39 |    99 |   108 |   213 |    84 ||   543
       Invisibility      |       |       |     9 |    18 |    37 |    12 ||    76
       Confuse           |       |       |     1 |    12 |    20 |    30 ||    63
       Sure Blade        |       |       |       |     3 |    24 |    60 ||    87
       Passwall          |       |       |       |     1 |    13 |     3 ||    17
       Enslavement       |       |       |       |       |     3 |       ||     3
 Abil: End Transformatio |       |       |       |       |     1 |     6 ||     7
       Bat Form          |       |       |       |       |     1 |     6 ||     7
Evoke: Wand              |       |       |     1 |     3 |     5 |       ||     9
  Use: Potion            |     1 |     8 |     3 |    10 |     3 |     1 ||    26
       Scroll            |       |     9 |    10 |    13 |    15 |     6 ||    53
 Stab: Sleeping          |     3 |    26 |    89 |   162 |   465 |   142 ||   887
       Held in net/web   |       |     4 |       |       |       |       ||     4
       Invisible         |       |       |    21 |    18 |    54 |    28 ||   121
       Distracted        |       |       |     2 |     6 |     2 |     2 ||    12
       Confused          |       |       |     1 |     9 |     7 |    17 ||    34
